 Dungeon Crawl Stone Soup version 0.20-a0-1018-ge435b50 (webtiles) character file.

15867 zhorgal the Severer (level 12, -1/110 HPs)
             Began as a Hill Orc Fighter on Apr 17, 2017.
             Was a High Priest of Uskayaw.
             Slain by a nine-headed hydra (7 damage)
             ... on level 2 of the Lair of Beasts.
             The game lasted 00:51:47 (11164 turns).

zhorgal the Severer (Hill Orc Fighter)             Turns: 11164, Time: 00:51:48

Health: -1/110     AC: 19    Str: 28    XL:     12   Next: 31%
Magic:  0/16       EV:  5    Int: 14    God:    Uskayaw [*****.]
Gold:   765        SH: 11    Dex: 10    Spells: 11/11 levels left

rFire    . . .     SeeInvis .   X - +1 flail (venom)
rCold    + . .     Gourm    .   c - +1 shield
rNeg     . . .     Faith    .   w - +0 plate armour
rPois    .         Spirit   +   (helmet restricted)
rElec    .         Reflect  .   T - +0 cloak
rCorr    .         Harm     .   z - +0 pair of gloves
MR       .....                  U - +0 pair of boots
Stlth    ..........             s - amulet of guardian spirit
Regen    0.3/turn               N - +4 ring of strength
MPRegen  0.2/turn               j - +6 ring of intelligence

@: no status effects
A: antennae 1, cold resistance 1
a: Stomp, Line Pass, Grand Finale, Renounce Religion


You were on level 2 of the Lair of Beasts.
You worshipped Uskayaw.
Uskayaw was noncommittal.
You were hungry.

You visited 3 branches of the dungeon, and saw 13 of its levels.

You collected 765 gold pieces.

Inventory:

Hand Weapons
 a - a +1 war axe
 Q - a +0 battleaxe
 X - a +1 flail of venom (weapon)
Missiles
 e - 21 arrows
 t - 307 stones (quivered)
Armour
 c - a +1 shield (worn)
 w - a +0 plate armour (worn)
 z - a +0 pair of gloves (worn)
 T - a +0 cloak (worn)
 U - a +0 pair of boots (worn)
Jewellery
 d - an uncursed amulet of regeneration {unknown}
 j - a +6 ring of intelligence (right hand)
 s - an amulet of guardian spirit (around neck)
 B - an uncursed amulet of faith
 N - a +4 ring of strength (left hand)
Wands
 f - a wand of paralysis (16/24)
 E - a wand of lightning (6/15)
 F - a wand of confusion (21/48)
 H - a wand of flame (27/48)
 I - a wand of iceblast (8/15)
 J - a wand of flame (14/48)
 K - a wand of acid (4/15)
 O - a wand of disintegration (4/24)
Scrolls
 l - 5 scrolls of teleportation
 v - 4 scrolls of fear
Potions
 g - 4 potions of heal wounds
 h - 5 potions of curing
 n - 4 potions of lignification
 o - 2 potions of cancellation
 q - 3 potions of flight
 R - 2 potions of agility
Miscellaneous
 Z - a phial of floods (inert)
Comestibles
 b - 6 chunks of flesh
 i - 10 fruits


   Skills:
 + Level 11.1 Fighting
 * Level 16.7 Axes
 + Level 10.6 Armour
 - Level 3.2 Shields
 + Level 5.6 Invocations
 + Level 4.4 Evocations


You had 11 spell levels left.
You didn't know any spells.

Dungeon Overview and Level Annotations

Branches:
Dungeon (10/15)            Temple (1/1) D:6            Lair (2/6) D:10
  Swamp: Lair:2-4    Shoals: Lair:2-4     Snake: Lair:2-4    Spider: Lair:2-4
    Orc: D:9-12

Altars:
Hepliaklqana
Kikubaaqudgha
Qazlal
Ru
Uskayaw
Xom

Shops:
D:5 [

Annotations:
Lair:2 exclusion: oklob plant


Innate Abilities, Weirdness & Mutations

You have a pair of small antennae on your head.
Your flesh is cold resistant. (rC+)


Message History

Aiming: Disintegrate
Press: ? - help, Shift-Dir - straight line, f/p - nine-headed hydra
Aim: a nine-headed hydra (heavily wounded, poisoned, chance to defeat MR: 50%)
The nine-headed hydra resists with some effort.
This wand has 5 charges left.
The nine-headed hydra bites you!
* * * LOW HITPOINT WARNING * * *
The nine-headed hydra bites you but does no damage.
You block the nine-headed hydra's attack.
The nine-headed hydra bites you but does no damage.
You block the nine-headed hydra's attack.
The nine-headed hydra barely misses you.
The nine-headed hydra bites you but does no damage. x2
The nine-headed hydra barely misses you.
Evoke which item? (* to show all) (? for menu, Esc to quit)
Aiming: Disintegrate
Press: ? - help, Shift-Dir - straight line, f/p - nine-headed hydra
Aim: a nine-headed hydra (heavily wounded, poisoned, chance to defeat MR: 50%)
The nine-headed hydra is blasted.
This wand has 4 charges left.
The nine-headed hydra bites you!
You die...

.......................
.......................
P....................#.
##..................#..
#......................
....##.+####.#......#
#.. #PP.##.###.....+
+.....≈.##.....#
.##...@D≈#†.....#
...P.....≈≈≈.....#
..........≈#†≈....#
...#.......##(....#
......####.# ...(.P
...P.# ### ..... ....
....( ... .... ...(


You could see a nine-headed hydra.

Vanquished Creatures
  A hydra (D:10)
  Erica (D:8)
  Pikel (D:8)
  A black mamba (Lair:1)
  2 spiny frogs (Lair:1)
  Joseph (D:8)
  2 komodo dragons
  A rime drake (Lair:1)
  4 trolls
  Prince Ribbit (D:7)
  3 jumping spiders (Lair:2)
  A polar bear (D:9)
  4 hippogriffs
  A redback (Lair:2)
  A vampire (D:10)
  A wraith (D:10)
  22 yaks
  A wyvern (D:10)
  Menkaure (D:6)
  4 water moccasins
  4 porcupines
  A black bear (Lair:2)
  A sky beast (D:9)
  3 phantoms
  2 ice beasts
  A slave (D:8)
  2 orc warriors
  3 ogres
  9 wolves
  2 centaurs
  3 crocodiles
  3 big kobolds
  4 bullfrogs
  A water moccasin zombie (D:9)
  2 wyvern skeletons (D:10)
  A wyvern zombie (D:3)
  3 scorpions
  5 killer bees (D:10)
  3 electric eels
  2 crimson imps
  2 jellies
  A wyvern simulacrum (D:9)
  A quasit (D:7)
  A bullfrog zombie (D:10)
  2 orc priests
  Crazy Yiuf (D:7)
  2 hounds
  2 bullfrog skeletons
  An iguana (D:10)
  Terence (D:3)
  11 orc wizards
  5 worker ants
  A bullfrog simulacrum (D:9)
  A hound zombie (D:9)
  A worker ant zombie (D:5)
  7 gnolls
  18 adders
  2 hound simulacra (D:9)
  A howler monkey skeleton (D:9)
  A shadow imp (D:7)
  5 white imps (D:9)
  2 ufetubi (D:9)
  An ooze (D:4)
  An adder skeleton (D:6)
  3 worms
  An adder simulacrum (D:9)
  A dart slug (D:1)
  7 leopard geckos
  38 orcs
  6 giant cockroaches
  14 goblins
  17 hobgoblins
  15 jackals
  30 kobolds
  6 quokkas
  A ball python (D:1)
  6 bats
  6 frilled lizards
  A leopard gecko zombie (D:6)
  A quokka zombie (D:7)
  2 rats (D:1)
  2 fungi (D:1)
  2 plants (D:6)
339 creatures vanquished.

Vanquished Creatures (others)
  A shadow imp (D:8)
  A fungus (Lair:2)
  A plant (Lair:1)
3 creatures vanquished.

Grand Total: 342 creatures vanquished

Notes
Turn   | Place    | Note
-------+----------+-------------------------------------------
     0 | D:1      | zhorgal the Hill Orc Fighter began the quest for the Orb.
     0 | D:1      | Reached XP level 1. HP: 19/19 MP: 1/1
    84 | D:1      | Reached skill level 3 in Axes
   112 | D:1      | Reached XP level 2. HP: 22/26 MP: 2/2
   350 | D:1      | Reached skill level 4 in Axes
   779 | D:2      | Reached XP level 3. HP: 31/31 MP: 3/3
   794 | D:2      | Reached skill level 5 in Axes
  1129 | D:2      | Reached XP level 4. HP: 22/39 MP: 4/4
  1455 | D:2      | Reached skill level 6 in Axes
  1981 | D:3      | Reached XP level 5. HP: 27/46 MP: 5/5
  1998 | D:3      | Noticed Terence
  2026 | D:3      | Killed Terence
  2241 | D:3      | Reached skill level 7 in Axes
  2241 | D:3      | Reached XP level 6. HP: 33/52 MP: 6/6
  2843 | D:4      | Noticed an orc warrior
  2851 | D:4      | Killed an orc warrior
  2851 | D:4      | Reached skill level 8 in Axes
  2851 | D:4      | Reached XP level 7. HP: 16/60 MP: 1/7
  3166 | D:4      | Reached skill level 5 in Fighting
  3281 | D:5      | Entered Level 5 of the Dungeon
  3380 | D:5      | Found an ancient bone altar of Kikubaaqudgha.
  3522 | D:5      | Reached skill level 5 in Armour
  3557 | D:5      | Reached skill level 9 in Axes
  3713 | D:5      | Found Luikhlaso's Antique Armour Boutique.
  4003 | D:6      | Reached XP level 8. HP: 69/69 MP: 8/8
  4077 | D:6      | Found a stormy altar of Qazlal.
  4091 | D:6      | Found a staircase to the Ecumenical Temple.
  4095 | D:6      | Noticed Menkaure
  4101 | Temple   | Entered the Ecumenical Temple
  4107 | Temple   | Became a worshipper of Uskayaw the Reveler
  4132 | Temple   | Reached * piety under Uskayaw
  4140 | Temple   | Reached ** piety under Uskayaw
  4153 | D:6      | Killed Menkaure
  4153 | D:6      | Reached skill level 10 in Axes
  4155 | D:6      | Reached *** piety under Uskayaw
  4164 | D:6      | Reached **** piety under Uskayaw
  4623 | D:7      | Noticed Prince Ribbit
  4632 | D:7      | Killed Prince Ribbit
  4632 | D:7      | Reached skill level 11 in Axes
  4809 | D:7      | Noticed a troll
  4810 | D:7      | Reached XP level 9. HP: 70/78 MP: 6/9
  4826 | D:7      | Killed a troll
  4826 | D:7      | Reached ***** piety under Uskayaw
  4943 | D:7      | Found a runed door.
  4947 | D:7      | Noticed Crazy Yiuf
  4952 | D:7      | Killed Crazy Yiuf
  5990 | D:8      | Reached skill level 12 in Axes
  6074 | D:8      | Noticed Joseph
  6089 | D:8      | Killed Joseph
  6354 | D:8      | Noticed a two-headed ogre
  6416 | D:8      | Noticed Pikel
  6428 | D:8      | Killed Pikel
  6428 | D:8      | Reached skill level 13 in Axes
  6477 | D:8      | Noticed a troll
  6486 | D:8      | Killed a troll
  6486 | D:8      | Reached XP level 10. HP: 70/90 MP: 8/10
  7145 | D:9      | Noticed Erica
  7167 | D:8      | HP: 2/90 [poisoned by Erica (bolt of poison)]
  7177 | D:8      | HP: 3/90 [something (3)]
  7182 | D:8      | Killed Erica
  7182 | D:8      | Reached skill level 14 in Axes
  7545 | D:9      | Gained mutation: Scrolls take you a little longer to read. [potion of mutation]
  7545 | D:9      | Gained mutation: Your spells are a little harder to cast, but a little more powerful. [potion of mutation]
  7545 | D:9      | Gained mutation: Armour fits poorly on your strangely shaped body. [potion of mutation]
  7545 | D:9      | Gained mutation: Your flesh is cold resistant. (rC+) [potion of mutation]
  7546 | D:9      | Lost mutation: Armour fits poorly on your strangely shaped body. [potion of mutation]
  7546 | D:9      | Lost mutation: Scrolls take you a little longer to read. [potion of mutation]
  7546 | D:9      | Lost mutation: Your spells are a little harder to cast, but a little more powerful. [potion of mutation]
  7546 | D:9      | Lost mutation: Your flesh is cold resistant. (rC+) [potion of mutation]
  7546 | D:9      | Gained mutation: You have a pair of small antennae on your head. [potion of mutation]
  7546 | D:9      | Gained mutation: Your flesh is cold resistant. (rC+) [potion of mutation]
  7558 | D:9      | Got a sheer robe
  7981 | D:10     | Entered Level 10 of the Dungeon
  8238 | D:10     | Found a staircase to the Lair.
  8266 | D:10     | Reached skill level 15 in Axes
  8357 | D:10     | Reached XP level 11. HP: 62/99 MP: 9/11
  8692 | D:10     | Noticed an eight-headed hydra
  8706 | D:10     | Killed an eight-headed hydra
  8706 | D:10     | Reached skill level 10 in Fighting
  8801 | Lair:1   | Entered Level 1 of the Lair of Beasts
  8957 | D:10     | Reached skill level 1 in Invocations
  8963 | D:10     | Reached skill level 1 in Evocations
  8992 | D:10     | Reached skill level 10 in Armour
  9745 | Lair:1   | Reached skill level 16 in Axes
 10269 | Lair:1   | Reached XP level 12. HP: 88/108 MP: 12/15
 10572 | Lair:1   | Reached skill level 5 in Invocations
 11138 | Lair:2   | Noticed a five-headed hydra
 11163 | Lair:2   | HP: 5/110 [nine-headed hydra (8)]
 11164 | Lair:2   | Slain by a nine-headed hydra

Vault maps used:
D:1:      saegor_arrival_under_anarchy, minmay_gold_behind_fungi
D:3:      hangedman_decor_diamond_cutter, uniq_terence
D:4:      first_bread
D:5:      kiku_gazebo_garden_becter, serial_shops, shop
D:6:      minmay_temple_entry_overgrown, nicolae_qazlal_general_emergency,
          uniq_menkaure
D:7:      corexii_shantytown, uniq_prince_ribbit1, uniq_crazy_yiuf_cottage
D:8:      uniq_pikel, uniq_joseph
D:9:      serial_ice, serial_ice_i, serial_ice_o, serial_ice_e, serial_ice_c,
          serial_ice_b, serial_ice_d, serial_ice_a, grunt_ogre_cave,
          mrwooster_statue_mirror, uniq_erica
D:10:     erik_lair_island
Temple:   nicolae_temple_the_god_donut
Lair:1:   st_stairs_9
Lair:2:   minmay_swamp_entry_worms, nicolae_spider_entry_tight_spaces,
          grunt_forest_large_clearing_hut, minmay_lair_oklob_chamber

Skill      XL: |  1  2  3  4  5  6  7  8  9 10 11 12 |
---------------+-------------------------------------+-----
Axes           | 3 4 5 6 7 8 9 11 13 15 16 | 16.7
Fighting       | 4 5 6 8 9 10 11 | 11.1
Armour         | 4 5 6 8 9 10 | 10.6
Invocations    | 4 5 |  5.6
Evocations     | 3 4 |  4.4
Shields        | |  3.2

Action                   |  1- 3 |  4- 6 |  7- 9 | 10-12 || total
-------------------------+-------+-------+-------+-------++-------
Melee: War axe           |   103 |   145 |   433 |   584 ||  1265
       Flail             |       |       |       |     3 ||     3
Throw: Stone             |       |    57 |    82 |   114 ||   253
Evoke: Wand              |       |       |       |    10 ||    10
       Phial of floods   |       |       |       |     1 ||     1
  Use: Potion            |       |     7 |     1 |     4 ||    12
       Scroll            |       |    10 |    10 |     1 ||    21
 Stab: Paralysed         |       |       |     9 |    38 ||    47
  Eat: Chunk             |     1 |     6 |    11 |    15 ||    33
       Fruit             |       |       |     1 |       ||     1
Armor: Scale mail        |    28 |    29 |       |       ||    57
       Chain mail        |       |    15 |     2 |       ||    17
       Plate armour      |       |       |   245 |   308 ||   553
Dodge: Dodged            |    31 |    37 |    53 |    98 ||   219
Block: Shield            |    46 |    64 |   212 |   270 ||   592
